 Dungeon Crawl Stone Soup version 0.27.0-1-g7a089689b8 (webtiles) character file.

Game seed: 7950015011582638740

33167 robertstho the Cleaver (level 13, -2/122 HPs)
             Began as a Grey Draconian Berserker on Aug 6, 2021.
             Was a High Priest of Trog.
             Slain by a skeletal warrior (18 damage)
             ... led by a skeletal warrior
             ... on level 14 of the Dungeon.
             The game lasted 00:17:34 (15666 turns).

robertstho the Cleaver (Grey Draconian Berserker)  Turns: 15666, Time: 00:17:36

Health: -2/122     AC: 19    Str: 25    XL:     13   Next: 35%
Magic:  13/13      EV: 23    Int:  8    God:    Trog [*****.]
Gold:   522        SH:  5    Dex: 10    Spells: 12/12 levels left

rFire    . . .     SeeInvis +   F - +1 battleaxe (vamp)
rCold    . . .     Faith    .   (shield currently unavailable)
rNeg     . . .     Spirit   .   (armour unavailable)
rPois    +         Reflect  +   L - +1 hat {SInv}
rElec    .         Harm     .   l - +0 cloak
rCorr    .         Rampage  .   f - +2 pair of gloves
Will     .....                  D - +0 pair of boots
Stlth    +.........             S - amulet of reflection
HPRegen  0.30/turn              x - ring of the Hare {EV+8}
MPRegen  0.13/turn              c - ring of poison resistance

@: on berserk cooldown, slowed, very slow
A: AC +13, amphibious, unfitting armour, cold-blooded
a: Renounce Religion, Berserk, Trog's Hand, Brothers in Arms


You were on level 14 of the Dungeon.
You worshipped Trog.
Trog was extremely pleased with you.
You visited 1 branch of the dungeon, and saw 14 of its levels.

You collected 1042 gold pieces.
You spent 520 gold pieces at shops.

Inventory:

Hand Weapons
 B - a +4 eveningstar
 E - a +3 spectral war axe
 F - a +1 vampiric battleaxe (weapon)
Armour
 f - a +2 pair of gloves (worn)
 l - a +0 cloak (worn)
 y - a +1 kite shield of resistance
 D - a +0 pair of boots (worn)
 L - a +1 hat of see invisible (worn)
Jewellery
 c - a ring of poison resistance (right hand)
 d - a ring of resist corrosion
 g - a ring of willpower
 m - a ring of willpower
 r - a ring of flight
 s - a ring of fire
 x - the ring of the Hare (left hand) {EV+8}
   (You found it on level 12 of the Dungeon)

   [ring of evasion]

   EV:        It affects your evasion (+8).
 A - a +6 ring of strength
 C - a ring of fire
 G - a ring of ice
 P - a ring of protection from cold
 S - an amulet of reflection (around neck)
Wands
 h - a wand of polymorph (10)
 z - a wand of iceblast (7)
 H - a wand of digging (11)
 J - a wand of acid (13)
 M - a wand of mindburst (23)
 N - a wand of flame (24)
 Q - a wand of paralysis (18)
 T - a wand of charming (14)
Scrolls
 a - a scroll of silence
 i - 4 scrolls of fear
 o - a scroll of summoning
 q - 7 scrolls of teleportation
 t - 3 scrolls of fog
 I - 2 scrolls of magic mapping
 K - a scroll of enchant weapon
 O - a scroll of holy word
 R - 3 scrolls of identify
 U - a scroll of amnesia {unknown}
Potions
 b - 7 potions of curing
 e - 2 potions of cancellation
 j - 5 potions of attraction
 k - 6 potions of mutation
 n - a potion of magic
 u - a potion of invisibility
 v - 3 potions of flight
 w - 5 potions of might


   Skills:
 * Level 13.4 Fighting
 + Level 14.2(14.3) Axes
 + Level 0.9(9.5) Maces & Flails
 * Level 11.5 Dodging
 + Level 4.1 Shields
 + Level 1.7 Unarmed Combat
 + Level 0.6 Evocations


You had 12 spell levels left.
You didn't know any spells.
Your spell library was empty.

Dungeon Overview and Level Annotations

Branches:
Dungeon (13/15)            Temple (0/1) D:5            Lair (0/6) D:8
    Orc (0/2) D:11
 Vaults: D:13-14

Altars:
Elyvilon
Fedhas
Gozag
Hepliaklqana
Kikubaaqudgha
Makhleb
Okawaru
Ru
Sif Muna
Trog
Xom
Yredelemnul
The Shining One

Shops:
D:1 *   D:9 ??(


Innate Abilities, Weirdness & Mutations

Your dull iron-grey scales are very hard. (AC +13)
You are amphibious.
You cannot fit into any form of body armour.
You are cold-blooded and may be slowed by cold attacks.


Message History

The skeletal warrior barely misses you. The skeletal warrior misses you.
You slash the skeletal warrior!
The skeletal warrior is almost destroyed.
You completely miss the skeletal warrior.
You hit the skeletal warrior.
The skeletal warrior hits you with a +0 short sword.
* * * LOW HITPOINT WARNING * * *
The skeletal warrior hits you with a +0 war axe.
* * * LOW HITPOINT WARNING * * *
You slice the skeletal warrior!!
You destroy the skeletal warrior!
Trog accepts your kill.
You hit the skeletal warrior but do no damage.
You hit the skeletal warrior. You barely miss the skeletal warrior.
The skeletal warrior is moderately damaged.
You hit the skeletal warrior but do no damage.
The skeletal warrior hits you but does no damage.
The skeletal warrior hits you with a +0 war axe!!
* * * LOW HITPOINT WARNING * * *
You slash the skeletal warrior! You tail-slap the skeletal warrior.
The skeletal warrior is almost destroyed.
You barely miss the skeletal warrior.
The skeletal warrior hits you with a +0 short sword.
* * * LOW HITPOINT WARNING * * *
The skeletal warrior hits you with a +0 war axe!
* * * LOW HITPOINT WARNING * * *
You feel a strong urge to attack something.
You are no longer berserk.
You are exhausted.
You feel yourself slow down.
Okay, then.
You feel much better.
Your ogre goes berserk!
The skeletal warrior barely misses you.
The skeletal warrior hits you with a +0 war axe!
* * * LOW HITPOINT WARNING * * *
The skeletal warrior completely misses you.
The skeletal warrior hits you with a +0 short sword!!
You die...

#..# ##..#............####
#..# #..........#####....
##.# #..####....# #....
#.# #..# ###..# #<#....
#.. ##.## ##.##.....##
#..##...## #.#.##...##
.........## #.. #...#..
......O...### #.##..#.#..
......#..@z..#.#.....#.##.
#....####.z.........^#.##.
#...# ##..)....... ## #.
.... ##)....... ... ..
#........ ..... ##.......
<...# ....... .....
....... ... . .......


You could see 2 skeletal warriors and a friendly ogre (summoned, berserk).

Vanquished Creatures
  Gastronok (D:10)
  Snorg (D:11)
  2 boulder beetles
  4 hydras
  6 centaur warriors
  4 two-headed ogres
  A tengu warrior (D:14)
  Urug (D:11)
  5 skeletal warriors (D:14)
  Nergalle (D:11)
  3 manticores
  2 cyclopes
  An elephant (D:8)
  Joseph (D:7)
  2 gargoyles
  2 freezing wraiths (D:14)
  Psyche (D:8)
  5 kobold demonologists
  An efreet (D:13)
  6 trolls
  Grinder (D:4)
  A shadow (D:11)
  A wraith (D:10)
  A wyvern (D:11)
  15 yaks
  Eustachio (D:4)
  A basilisk (D:14)
  A yak (shapeshifter) (D:13)
  3 vampire mosquitoes (D:11)
  Edmund (D:4)
  A water moccasin (D:9)
  3 orc warriors
  A hornet zombie (D:7)
  A sky beast (D:6)
  4 black bears
  3 centaurs
  A necrophage (D:4)
  4 boggarts (D:14)
  2 phantoms
  2 ogres (D:4)
  5 kobold brigands
  3 bullfrogs
  A wyvern zombie (D:9)
  3 scorpions
  A water moccasin skeleton (D:5)
  5 killer bees (D:7)
  8 wights
  7 howler monkeys
  A bullfrog zombie (D:6)
  Crazy Yiuf (D:2)
  3 centaur zombies
  2 hounds
  An orc priest (D:13)
  2 bullfrog skeletons
  Ijyb (D:4)
  3 iguanas (D:4)
  10 orc wizards
  2 howler monkey zombies
  3 gnolls (D:2)
  6 adders
  A white imp (D:7)
  2 ufetubi
  A worm (D:4)
  2 dart slugs (D:1)
  32 orcs
  8 endoplasms
  A giant cockroach (D:1)
  4 goblins
  8 hobgoblins
  5 jackals
  2 quokkas
  4 ball pythons
  3 bats
  3 frilled lizards
  23 kobolds
  8 rats
273 creatures vanquished.

Vanquished Creatures (collateral kills)
  A hydra (D:14)
  A cyclops (D:14)
  A freezing wraith (D:10)
  2 trolls
  An acid dragon (D:14)
6 creatures vanquished.

Vanquished Creatures (others)
  A boggart (D:14)
  2 fungi (D:8)
  A plant (D:12)
4 creatures vanquished.

Grand Total: 283 creatures vanquished

Notes
Turn   | Place    | Note
-------+----------+-------------------------------------------
     0 | D:1      | robertstho the Draconian Berserker began the quest for the
                  | Orb.
     0 | D:1      | Reached XP level 1. HP: 19/19 MP: 1/1
   340 | D:1      | Found a faded altar of an unknown god.
   496 | D:1      | Found Moqed's General Store.
   514 | D:1      | Reached XP level 2. HP: 26/26 MP: 2/2
   518 | D:1      | Bought a scroll of noise for 14 gold pieces
   997 | D:2      | Reached XP level 3. HP: 33/33 MP: 3/3
  1074 | D:2      | Found a sacrificial altar of Ru.
  1120 | D:2      | Reached ** piety under Trog
  1191 | D:2      | Reached XP level 4. HP: 40/40 MP: 4/4
  1610 | D:2      | Found a runed translucent door.
  1611 | D:2      | Noticed Crazy Yiuf
  1621 | D:2      | Killed Crazy Yiuf
  1622 | D:2      | Reached skill level 4 in Axes
  1832 | D:3      | Reached XP level 5. HP: 42/47 MP: 5/5
  2446 | D:1      | Bought a scroll of teleportation for 42 gold pieces
  2769 | D:4      | Noticed an ogre
  2773 | D:4      | Killed an ogre
  2774 | D:4      | Reached XP level 6. HP: 55/55 MP: 6/6
  2862 | D:4      | Reached skill level 5 in Fighting
  2862 | D:4      | Reached skill level 5 in Axes
  2935 | D:4      | Noticed Edmund
  2939 | D:4      | Noticed Grinder
  2943 | D:4      | Noticed Ijyb
  2945 | D:4      | Reached *** piety under Trog
  3163 | D:4      | Killed Ijyb
  3200 | D:4      | Your scales start taking on a dull iron-grey colour.
  3200 | D:4      | Reached XP level 7. HP: 61/61 MP: 7/7
  3212 | D:4      | Noticed Eustachio
  3221 | D:4      | Killed Eustachio
  3222 | D:4      | Reached skill level 5 in Dodging
  3228 | D:4      | Reached skill level 6 in Axes
  3488 | D:4      | Killed Edmund
  3667 | D:4      | Found a shimmering blue altar of Sif Muna.
  3768 | D:5      | Entered Level 5 of the Dungeon
  3932 | D:5      | Found a white marble altar of Elyvilon.
  4098 | D:5      | Reached XP level 8. HP: 70/70 MP: 8/8
  4211 | D:5      | Found an iron altar of Okawaru.
  4308 | D:5      | Found a basalt altar of Yredelemnul.
  4390 | D:5      | Found a staircase to the Ecumenical Temple.
  4563 | D:6      | Reached skill level 7 in Axes
  5483 | D:7      | Reached skill level 8 in Axes
  5502 | D:7      | Reached XP level 9. HP: 47/79 MP: 9/9
  5775 | D:7      | Noticed Joseph
  5797 | D:7      | Killed Joseph
  5798 | D:7      | Reached skill level 1 in Shields
  6134 | D:7      | Found a shimmering altar of Xom.
  6446 | D:7      | Found an opulent altar of Gozag.
  6446 | D:7      | Found a glowing golden altar of the Shining One.
  6597 | D:1      | Bought a potion of cancellation for 112 gold pieces
  6597 | D:1      | Bought a potion of heal wounds for 70 gold pieces
  6597 | D:1      | Bought a +0 pair of boots for 63 gold pieces
  6657 | D:4      | Paralysed by Grinder for 5 turns
  6666 | D:4      | Killed Grinder
  6875 | D:8      | Noticed Psyche
  6893 | D:8      | Killed Psyche
  7037 | D:8      | Found a blossoming altar of Fedhas.
  7064 | D:8      | Reached skill level 1 in Unarmed Combat
  7177 | D:8      | Found a staircase to the Lair.
  7177 | D:8      | Noticed an elephant
  7187 | D:8      | Reached skill level 9 in Axes
  7188 | D:8      | Killed an elephant
  7188 | D:8      | Reached **** piety under Trog
  7189 | D:8      | Reached XP level 10. HP: 90/90 MP: 10/10
  7279 | D:8      | Noticed a cyclops
  7295 | D:8      | Killed a cyclops
  7499 | D:8      | Found a sacrificial altar of Ru.
  7501 | D:8      | Found a hazy altar of Hepliaklqana.
  7882 | D:9      | Found an ancient bone altar of Kikubaaqudgha.
  7899 | D:9      | Found Vaumir's Magic Scroll Shop.
  7909 | D:9      | Bought a scroll of magic mapping for 49 gold pieces
  7909 | D:9      | Bought a scroll of identify for 28 gold pieces
  7909 | D:9      | Bought a scroll of identify for 28 gold pieces
  7909 | D:9      | Identified a scroll of acquirement
  7918 | D:9      | Acquired a +1 vampiric battleaxe
  7976 | D:9      | Found Ximilab's Magic Scroll Shop.
  7979 | D:9      | Bought a scroll of identify for 30 gold pieces
  8130 | D:9      | Found a burning altar of Makhleb.
  8130 | D:9      | Noticed a balrug
  8133 | D:9      | Noticed an orange demon
  8179 | D:9      | Reached skill level 10 in Axes
  8514 | D:9      | Found Pigoap's Weapon Boutique.
  8642 | D:10     | Entered Level 10 of the Dungeon
  8815 | D:10     | Noticed a gargoyle
  8825 | D:10     | Killed a gargoyle
  9751 | D:10     | Noticed Gastronok
  9764 | D:10     | Killed Gastronok
  9765 | D:10     | Reached skill level 10 in Fighting
  9765 | D:10     | Reached XP level 11. HP: 63/101 MP: 11/11
 10093 | D:10     | Reached skill level 11 in Axes
 10196 | D:10     | Found a bloodstained altar of Trog.
 10280 | D:9      | Bought a scroll of identify for 28 gold pieces
 10280 | D:9      | Bought a scroll of identify for 28 gold pieces
 10280 | D:9      | Bought a scroll of identify for 28 gold pieces
 10292 | D:11     | Noticed Urug
 10302 | D:11     | Killed Urug
 10725 | D:11     | Noticed Nergalle
 10727 | D:11     | Noticed a two-headed ogre
 10730 | D:11     | Noticed Snorg
 10738 | D:11     | Killed Nergalle
 10742 | D:11     | Killed a two-headed ogre
 10744 | D:11     | Killed Snorg
 10745 | D:11     | Reached skill level 12 in Axes
 10987 | D:11     | Found a staircase to the Orcish Mines.
 11298 | D:11     | Noticed a two-headed ogre
 11305 | D:11     | Killed a two-headed ogre
 11703 | D:12     | Noticed a sixfirhy
 11706 | D:12     | Noticed a sun demon
 11712 | D:12     | Reached ***** piety under Trog
 12007 | D:12     | Found the ring of the Hare {EV+8}
 12056 | D:12     | Reached XP level 12. HP: 83/110 MP: 12/12
 12174 | D:12     | Noticed a five-headed hydra
 12182 | D:12     | Killed a five-headed hydra
 12183 | D:12     | Reached skill level 10 in Dodging
 12236 | D:12     | Noticed a boulder beetle
 12249 | D:12     | Killed a boulder beetle
 12646 | D:12     | Noticed a two-headed ogre
 12651 | D:12     | Noticed a six-headed hydra
 12653 | D:12     | Killed a two-headed ogre
 12660 | D:12     | Killed an 11-headed hydra
 12762 | D:12     | Noticed an eight-headed hydra
 12769 | D:12     | Killed an 11-headed hydra
 12770 | D:12     | Reached skill level 13 in Axes
 13241 | D:13     | Noticed a two-headed ogre
 13247 | D:13     | Noticed a centaur warrior
 13249 | D:13     | Noticed a seven-headed hydra
 13253 | D:13     | Killed a two-headed ogre
 13257 | D:13     | Killed a centaur warrior
 13369 | D:13     | Noticed a centaur warrior
 13384 | D:13     | Killed a centaur warrior
 13653 | D:13     | You fall into a shaft and drop 1 floor!
 13654 | D:14     | Noticed a boulder beetle
 13665 | D:14     | Killed a boulder beetle
 13671 | D:14     | Killed a 14-headed hydra
 14080 | D:14     | Noticed a centaur warrior
 14087 | D:14     | Killed a centaur warrior
 14711 | D:14     | Identified the +9 hunting sling of Welfare {flame, +Blink
                  | rElec Dex-5}
 14717 | D:14     | Noticed a centaur warrior
 14732 | D:14     | Reached XP level 13. HP: 122/122 MP: 13/13
 14766 | D:14     | Reached skill level 14 in Axes
 15662 | D:14     | HP: 3/183 [skeletal warrior (14)]
 15666 | D:14     | Slain by a skeletal warrior

Illustrated notes

Levels and vault maps discovered:
D:1:      dpeg_arrival_houses_and_road, layout_basic, serial_shops,
          nicolae_square_shop, chequers_ecumenical_altar_simple,
          minmay_misc_feat_cross
D:2:      layout_rooms, basic_altar, uniq_crazy_yiuf_cottage
D:3:      layout_rooms, roderic_lattice_a
D:4:      layout_rooms, overflow_temple_1_default, grunt_ministairs_4,
          uniq_eustachio, uniq_grinder, uniq_ijyb, uniq_edmund
D:5:      layout_gridville, kennysheep_ying_yang, general_overflow_altar,
          minmay_temple_entry_enclosed_plants
D:6:      layout_loops_ring
D:7:      layout_gridville, xom_butterflies, mainiacjoe_overflow_divided_tiny,
          uniq_joseph
D:8:      layout_rooms, fedhas_altar_fruit_tree, gammafunk_temple_overflow_wave,
          david_lair_generic, uniq_psyche
D:9:      layout_long_grid, mainiacjoe_overflow_paths,
          makhleb_altar_promises_db, serial_shops, shop_scrolls,
          nicolae_shop_behind_doors, nicolae_shop_statue_plus
D:10:     layout_loops_corners, mainiacjoe_overflow_alcove_2, uniq_gastronok
D:11:     layout_cave_pods, david_orc_2, uniq_snorg, uniq_urug, uniq_nergalle
D:12:     layout_gridville, serial_bayou_pond_a
D:13:     layout_cave_pools
D:14:     layout_layer_cave, lightli_vaults_fourway_checkpoint, nrook_uturn,
          minmay_joined_circles

Skill      XL: |  1  2  3  4  5  6  7  8  9 10 11 12 13 |
---------------+----------------------------------------+-----
Dodging        | 3 4 5 6 8 9 11 | 11.5
Fighting       | 4 5 6 7 8 10 11 13 | 13.4
Axes           | 4 5 6 8 9 10 12 13 14 | 14.2
Shields        | 2 3 4 |  4.1
Unarmed Combat | 1 |  1.7
Maces & Flails | |  0.9
Evocations     | |  0.6

Action                   |  1- 3 |  4- 6 |  7- 9 | 10-12 | 13-15 || total
-------------------------+-------+-------+-------+-------+-------++-------
Melee: Hand axe          |    89 |   159 |   274 |       |       ||   522
       Tailslap          |     7 |    21 |    42 |    79 |    11 ||   160
       Unarmed           |       |     3 |    17 |       |       ||    20
       War axe           |       |       |    11 |    33 |       ||    44
       Battleaxe         |       |       |       |   405 |    74 ||   479
       Eveningstar       |       |       |       |     4 |       ||     4
Invok: Berserk           |     1 |     5 |     6 |    13 |     3 ||    28
       Brothers in Arms  |       |       |       |     2 |     2 ||     4
Evoke: Wand              |       |       |     3 |       |       ||     3
  Use: Scroll            |       |     7 |     4 |    14 |       ||    25
       Potion            |       |       |       |     1 |     1 ||     2
 Stab: Sleeping          |       |     2 |       |     1 |       ||     3
Armor: Skin              |    33 |    69 |   166 |   309 |    44 ||   621
Dodge: Dodged            |    49 |   102 |   181 |   440 |    90 ||   862
Block: Kite shield       |       |       |    79 |    24 |       ||   103
       Other             |       |       |       |    14 |    28 ||    42
